[Event "Team 45 45 League T24"]
[Site "Internet Chess Club"]
[Date "2004.09.18"]
[Round "2"]
[White "LeonieHelm"]
[Black "Unbeliever"]
[Result "0-1"]
[WhiteElo "1815"]
[BlackElo "1990"]
[TimeControl "2700+45"]

1. e4 c5 2. d4 cxd4 3. c3 Nf6 4. e5 Nd5 5. cxd4 e6 6. Nc3 Nxc3 7. bxc3 d6 8. f4
dxe5 9. dxe5 Qxd1+ 10. Kxd1 Bd7 11. Nf3 Bc6 12. Nd4 Be4 13. Bb5+ Nd7 14. Rg1 Rc8
15. Bb2 Bc5 16. Rc1 a6 17. Bxd7+ Kxd7 18. Ke2 Ke7 19. g4 h5 20. g5 g6 21. Rgd1
Bd5 22. c4 Be4 23. Nb3 b6 24. Nxc5 bxc5 25. Ba3 Rhd8 26. Rxd8 Kxd8 27. Rd1+ Ke7
28. Rd6 Bb7 29. Rb6 Rc7 30. Bxc5+ Rxc5 31. Rxb7+ Ke8 32. Kd3 Ra5 33. Rb2 Ra3+
34. Kd4 Rf3 35. Ke4 Rc3 36. Rb4 Rc2 37. Ra4 Rxh2 38. Rxa6 Rc2 39. Kd4 Rf2 40. c5
Rxf4+ 41. Kc3 Kd7 42. a4 h4 43. Rd6+ Kc7 44. a5 Ra4 45. Ra6 h3 46. Ra7+ Kc6 47.
Rxf7 Kxc5 48. Rh7 Kd5 49. Kb3 Rxa5 50. Rxh3 Kxe5 51. Kb4 Rd5 52. Kc4 Kf4 53. Rh8
Kxg5 54. Re8 Kf5 55. Rf8+ Kg5 56. Re8 Re5 57. Kd4 Re1 58. Ra8 Kg4 59. Ra2 g5 60.
Rg2+ Kf4 61. Rf2+ Kg3 62. Ra2 g4 63. Ra3+ Kf4 64. Ra8 g3 65. Rg8 Rd1+ 66. Kc3
Kf3 67. Kc2 Rd5 68. Rg6 g2 {White resigns} 0-1

[Event "Team 45 45 League T24"]
[Site "Internet Chess Club"]
[Date "2004.09.17"]
[Round "2"]
[White "Zornorph"]
[Black "Frobert"]
[Result "1-0"]
[WhiteElo "1901"]
[BlackElo "1609"]
[TimeControl "2700+45"]

1. c4 e6 2. Nc3 g6 3. d4 Bg7 4. Nf3 d5 5. Bg5 Ne7 6. h4 h6 7. Bf4 Nbc6 8. e3 a6
9. Rc1 dxc4 10. Bxc4 b5 11. Bd3 O-O 12. Ne4 Bb7 13. Nc5 Rb8 14. Nxb7 Rxb7 15.
O-O Nxd4 16. exd4 Bxd4 17. Be4 Bxf2+ 18. Kxf2 Nd5 19. Bxh6 Re8 20. Qd4 Nf6 21.
Qxd8 Rxd8 22. Bxb7 Ng4+ 23. Ke2 Nxh6 {Black resigns} 1-0

[Event "Team 45 45 League T24"]
[Site "Internet Chess Club"]
[Date "2004.09.19"]
[Round "2"]
[White "GoIrish"]
[Black "CraigCKlein"]
[Result "0-1"]
[WhiteElo "1612"]
[BlackElo "1792"]
[TimeControl "2700+45"]

1. Nf3 g6 2. g3 Bg7 3. Bg2 c5 4. O-O Nc6 5. e4 d6 6. d3 Nf6 7. Nc3 O-O 8. Bf4 a6
9. Qd2 b5 10. Rfe1 Ng4 11. h3 b4 12. hxg4 bxc3 13. bxc3 Bxg4 14. Rab1 Qa5 15. e5
Rac8 16. exd6 Bxc3 17. Qe3 Bxf3 18. Bxf3 Nd4 19. Rf1 exd6 20. Bd5 Nxc2 21. Qe7
Qd8 22. Qxd8 Rfxd8 23. Rbc1 Nd4 24. Kg2 Ne2 25. Rc2 Nxf4+ 26. gxf4 Bd4 27. Bb7
Rb8 28. Bxa6 Rb6 29. Bc4 Re8 30. Kf3 Kg7 31. a4 Re7 32. a5 Rb4 33. Ra2 Ra7 34.
Ke4 Rb2 35. Rxb2 Bxb2 36. a6 Kf6 37. Kd5 Kf5 38. Rb1 Bf6 39. Rb7 Ra8 40. Rxf7 h5
41. Kxd6 h4 42. Kxc5 h3 43. Rh7 Kxf4 44. Rxh3 Rc8+ 45. Kb6 Bd4+ 46. Kb7 Rd8 47.
Rh6 g5 48. Rc6 Kf3 49. a7 Rd7+ 50. Ka6 Rxa7+ 51. Kb5 Kxf2 52. Rd6 Bc3 53. Rg6
Kf3 54. Bd5+ Kf4 55. Be4 g4 56. Kc4 Ba1 57. Bd5 Ra4+ 58. Kb3 Ra5 59. Bc4 g3 60.
Kb4 Re5 61. Ra6 Bd4 62. Rd6 Bc5+ 63. Kc3 Bxd6 64. d4 Re3+ 65. Kd2 Bb4+ {White
resigns} 0-1

[Event "Team 45 45 League T24"]
[Site "Internet Chess Club"]
[Date "2004.09.17"]
[Round "2"]
[White "dougmo"]
[Black "Lizaveta"]
[Result "1/2-1/2"]
[WhiteElo "1598"]
[BlackElo "1311"]
[TimeControl "2700+45"]

1. e4 e5 2. Nf3 Nc6 3. d4 exd4 4. Bc4 d6 5. Nxd4 Ne5 6. Bb3 Nf6 7. Nc3 c5 8.
Nde2 Be7 9. Nf4 c4 10. Ba4+ Bd7 11. Bxd7+ Qxd7 12. O-O O-O 13. Nfd5 Nxd5 14.
Nxd5 f5 15. Nf4 fxe4 16. Qd5+ Kh8 17. Ne6 Rf6 18. Nd4 Raf8 19. Bg5 R6f7 20. Bxe7
Qxe7 21. Rae1 Ng4 22. h3 Nxf2 23. Rxf2 Rxf2 24. Rxe4 Rf1+ 25. Kh2 Qf7 26. Qg5
Rf4 27. Re7 Qf6 28. Qxf6 R4xf6 29. Ne6 Rg8 30. Ng5 Rgf8 31. Rxb7 a6 32. Ra7 d5
33. Rd7 Rf2 34. Ne6 Rg8 35. Rxd5 Rxc2 36. Rc5 Rxb2 37. Rxc4 Rxa2 38. Rc7 Re2 39.
Nc5 Rc2 40. Nxa6 Rxc7 41. Nxc7 Rc8 42. Ne6 Kg8 43. h4 Kf7 44. Ng5+ Kg6 45. Kh3
Rc3+ 46. Kh2 h6 47. Nf3 Kf6 48. Kg3 g5 49. hxg5+ hxg5 50. Kg4 Rc1 51. Nxg5 Rg1
52. Ne4+ Ke5 53. Nf2 Rxg2+ 54. Kf3 Rg8 55. Ke3 Rg3+ 56. Ke2 {Game drawn by
mutual agreement} 1/2-1/2

[Event "Team 45 45 League T24"]
[Site "Internet Chess Club"]
[Date "2004.09.19"]
[Round "2"]
[White "locchessmonster"]
[Black "billarvola"]
[Result "1/2-1/2"]
[WhiteElo "1915"]
[BlackElo "1942"]
[TimeControl "2700+45"]

1. d4 d5 2. c4 e6 3. Nc3 c5 4. cxd5 exd5 5. Bf4 Nc6 6. e3 cxd4 7. exd4 Nf6 8.
Bb5 Be7 9. Nf3 O-O 10. O-O Bg4 11. Be2 Re8 12. h3 Bh5 13. Ne5 Bxe2 14. Nxc6 Bxd1
15. Nxd8 Be2 16. Nxe2 Bxd8 17. Nc3 Ba5 18. Bd2 Bxc3 19. Bxc3 Ne4 20. Rfe1 Ng5
21. Rxe8+ Rxe8 22. Kf1 f6 23. f3 Kf7 24. Re1 Rxe1+ 25. Kxe1 Ne6 26. h4 h5 27.
Kf2 Ke7 28. Ke3 Kd7 29. a4 Kc6 30. g4 g6 31. Bb4 Kd7 32. Bc5 a6 33. b4 b5 34.
axb5 axb5 35. Ba7 Ke8 36. Bb8 Kf7 37. gxh5 gxh5 38. Bg3 Kg6 39. Kd3 Kf5 40. Ke3
Nf8 41. Bd6 Ng6 42. Bg3 Ke6 43. Kd3 Ne7 44. Be1 Kf5 {Game drawn by mutual
agreement} 1/2-1/2

[Event "Team 45 45 League T24"]
[Site "Internet Chess Club"]
[Date "2004.09.18"]
[Round "2"]
[White "RagingRook"]
[Black "nminwalla"]
[Result "0-1"]
[WhiteElo "1771"]
[BlackElo "1695"]
[TimeControl "2700+45"]

1. e4 c5 2. Nc3 Nc6 3. g3 g6 4. Bg2 Bg7 5. d3 Nf6 6. h3 O-O 7. Be3 d6 8. Nge2
Bd7 9. O-O a6 10. Qd2 Re8 11. Bh6 Bh8 12. f4 e6 13. f5 exf5 14. exf5 Bxf5 15.
Rxf5 Ne4 16. Bxe4 gxf5 17. Bxf5 Ne5 18. Be4 Rb8 19. Rf1 b5 20. Qf4 Re6 21. Bd5
Rf6 22. Qg5+ Rg6 23. Qxe5 Bxe5 24. Bxf7+ Kh8 25. Bxg6 hxg6 26. Rf8+ Qxf8 27.
Bxf8 Rxf8 28. Ne4 b4 29. b3 a5 30. Kg2 a4 31. h4 axb3 32. axb3 Ra8 33. Ng5 Kg8
34. Kf3 Ra2 35. Ke4 Rxc2 36. Nf4 Bxf4 37. gxf4 Rc3 38. Nf3 Rxb3 39. Nd2 Rc3 40.
Nc4 b3 41. Nb2 Rc2 {White resigns} 0-1

[Event "Team 45 45 League T24"]
[Site "Internet Chess Club"]
[Date "2004.09.20"]
[Round "2"]
[White "vvsi"]
[Black "rayonline53"]
[Result "1-0"]
[WhiteElo "1566"]
[BlackElo "1574"]
[TimeControl "2700+45"]

1. e4 c6 2. d4 d5 3. exd5 cxd5 4. c4 e6 5. Nc3 Nf6 6. Bg5 Be7 7. Nf3 Nc6 8. c5
O-O 9. Be2 Re8 10. O-O h6 11. Bh4 Nh7 12. Bg3 Ng5 13. Ne5 Nxe5 14. Bxe5 Bf6 15.
Bd6 Be7 16. Nb5 Bxd6 17. Nxd6 Re7 18. Bd3 Nh7 19. Bxh7+ Kxh7 20. Qd3+ Kg8 21.
Rfe1 b6 22. b4 a5 23. a3 Ba6 24. Qc3 Rc7 25. Qg3 bxc5 26. bxc5 Rb8 27. Ne8 Qxe8
28. Qxc7 Qb5 29. Qe5 Qb2 30. c6 Rb3 31. Qf4 Rxa3 32. Rxa3 Qxa3 33. h3 Qb4 34.
Rc1 a4 35. c7 Bc8 36. Qe3 a3 37. Qc3 Qd6 38. Ra1 {Black resigns} 1-0

[Event "Team 45 45 League T24"]
[Site "Internet Chess Club"]
[Date "2004.09.18"]
[Round "2"]
[White "chessateer"]
[Black "tourettes"]
[Result "1-0"]
[WhiteElo "1884"]
[BlackElo "1802"]
[TimeControl "2700+45"]

1. e4 c5 2. Nf3 d6 3. Bb5+ Bd7 4. Bxd7+ Nxd7 5. c4 Ngf6 6. Nc3 e6 7. O-O Be7 8.
b3 O-O 9. Bb2 Ng4 10. d4 cxd4 11. Nxd4 Nde5 12. f4 Ne3 13. Qe2 Nxf1 14. fxe5
dxe5 15. Nf3 Nxh2 16. Kxh2 f6 17. Rd1 Qc8 18. Bc1 Rd8 19. Be3 Bc5 20. Rxd8+ Qxd8
21. Bxc5 Qa5 22. b4 Qd8 23. Qd2 b6 24. Be3 Qxd2 25. Bxd2 Rd8 26. c5 bxc5 27.
bxc5 g5 28. Be1 Kf7 29. Nb5 Ke7 30. Nxa7 Kd7 31. c6+ Kc7 32. Ba5+ {Black
resigns} 1-0

[Event "Team 45 45 League T24"]
[Site "Internet Chess Club"]
[Date "2004.09.19"]
[Round "2"]
[White "Bloomington"]
[Black "room-matt"]
[Result "1/2-1/2"]
[WhiteElo "1858"]
[BlackElo "1871"]
[TimeControl "2700+45"]

1. e4 e5 2. Nf3 Nc6 3. Bb5 f5 4. Nc3 fxe4 5. Nxe4 d5 6. Nxe5 dxe4 7. Nxc6 Qg5 8.
Qe2 Nf6 9. f4 Qh4+ 10. g3 Qh3 11. Ne5+ c6 12. Bc4 Bc5 13. d3 Ng4 14. Qxe4 Nf2
15. Bf7+ Ke7 16. Qc4 Bb6 17. Rf1 Qxh2 18. Qb4+ c5 19. Qd2 Ng4 20. Qxh2 Nxh2 21.
Rh1 Ng4 22. Bg6 Nxe5 23. fxe5 h6 24. Be3 Be6 25. Be4 Rab8 26. a4 Ba5+ 27. c3 b6
28. Rf1 Bh3 29. Rf2 Rhf8 30. Rf4 Rxf4 31. Bxf4 Ke6 32. Bg6 Bf5 33. Bxf5+ Kxf5
34. Bd2 b5 35. b4 cxb4 36. cxb4 Bc7 37. d4 Bb6 38. Bc3 Ke4 39. axb5 Bxd4 40.
Bxd4 Kxd4 41. e6 Re8 42. Rxa7 Rxe6+ 43. Kd2 Kc4 44. Rxg7 Kxb4 {Game drawn by
mutual agreement} 1/2-1/2

[Event "Team 45 45 League T24"]
[Site "Internet Chess Club"]
[Date "2004.09.19"]
[Round "2"]
[White "hoyd"]
[Black "Guesswho"]
[Result "1-0"]
[WhiteElo "1619"]
[BlackElo "1514"]
[TimeControl "2700+45"]

1. c4 Nf6 2. Nc3 e6 3. a3 d5 4. cxd5 Nxd5 5. g3 Bc5 6. Bg2 c6 7. b4 Bb6 8. Bb2
O-O 9. e3 Nd7 10. Nge2 N7f6 11. Qc2 Bd7 12. Rd1 Rc8 13. Ba1 a5 14. Qb2 axb4 15.
axb4 Qe7 16. Nxd5 cxd5 17. Nd4 Rc4 18. Rb1 Rfc8 19. Qa3 Bxd4 20. Bxd4 Bb5 21.
Bc3 e5 22. Bf1 Rxc3 23. dxc3 Bxf1 24. Kxf1 Ne4 25. Kg2 Qf6 26. f3 Nd2 27. Rbf1
Nxf1 28. Rxf1 e4 29. f4 Qxc3 30. Qa5 Qd2+ 31. Rf2 Qxe3 32. Qxd5 h6 33. Qxb7 Rc1
34. Qa8+ Kh7 35. Qa2 Qe1 36. Qd2 Qxd2 37. Rxd2 Rb1 38. Rd4 f5 39. h3 Rb2+ 40.
Kf1 Kg6 41. g4 Rh2 42. b5 Rxh3 43. Rb4 Rh1+ 44. Ke2 Ra1 45. b6 Ra8 46. b7 Rb8
47. Rb6+ Kf7 48. gxf5 h5 49. Ke3 h4 50. Kxe4 h3 51. Kf3 h2 52. Kg2 {Black
resigns} 1-0

[Event "Team 45 45 League T24"]
[Site "Internet Chess Club"]
[Date "2004.09.18"]
[Round "2"]
[White "reijo"]
[Black "NESKAYA"]
[Result "0-1"]
[WhiteElo "1502"]
[BlackElo "1660"]
[TimeControl "2700+45"]

1. d4 d5 2. Nf3 Nf6 3. e3 Bg4 4. c4 e6 5. Qb3 Bxf3 6. Qxb7 Bxg2 7. Bxg2 Nbd7 8.
cxd5 Rb8 9. Qxa7 Bb4+ 10. Nc3 Nxd5 11. Bxd5 exd5 12. Ke2 O-O 13. Nxd5 Bd6 14.
Rb1 Qc8 15. Bd2 Ra8 16. Qxa8 Qxa8 17. Rhc1 Qxd5 {White resigns} 0-1

[Event "Team 45 45 League T24"]
[Site "Internet Chess Club"]
[Date "2004.09.25"]
[Round "2"]
[White "Nikolay"]
[Black "akdog3"]
[Result "1-0"]
[WhiteElo "2339"]
[BlackElo "2154"]
[TimeControl "2700+45"]

1. e4 e6 2. d4 d5 3. Nc3 Bb4 4. e5 c5 5. a3 Bxc3+ 6. bxc3 Ne7 7. Qg4 O-O 8. Nf3
Nbc6 9. Bd3 f5 10. exf6 Rxf6 11. Bg5 e5 12. Qh4 e4 13. Bxf6 gxf6 14. Qxf6 exd3
15. cxd3 cxd4 16. Nxd4 Nxd4 17. Qxd4 Nc6 18. Qe3 d4 19. cxd4 Bf5 20. O-O Qxd4
21. Qg5+ Bg6 22. Rab1 b6 23. Rfc1 Rf8 24. Qg3 Qd5 25. Re1 Kh8 26. Re3 Rg8 27.
Qf4 Bf5 28. f3 Qc5 29. Re1 Qd4 30. Qxf5 {Black resigns} 1-0

[Event "Team 45 45 League T24"]
[Site "Internet Chess Club"]
[Date "2004.09.17"]
[Round "2"]
[White "Rubicon"]
[Black "searchforbobby1"]
[Result "0-1"]
[WhiteElo "2045"]
[BlackElo "2169"]
[TimeControl "2700+45"]

1. e4 c5 2. Nf3 Nc6 3. d4 cxd4 4. Nxd4 Nf6 5. Nc3 e5 6. Ndb5 d6 7. Bg5 a6 8. Na3
b5 9. Bxf6 gxf6 10. Nd5 f5 11. Bd3 Be6 12. O-O Bxd5 13. exd5 Ne7 14. c3 Bg7 15.
Nc2 O-O 16. Ne3 e4 17. Be2 f4 18. Nc2 Ng6 19. Nd4 Qg5 20. Kh1 Qxd5 21. Nb3 Qg5
22. Qxd6 f3 23. gxf3 Be5 24. Qd5 Qf4 {White resigns} 0-1

[Event "Team 45 45 League T24"]
[Site "Internet Chess Club"]
[Date "2004.09.25"]
[Round "2"]
[White "ChessAddict"]
[Black "Lizaveta"]
[Result "1-0"]
[WhiteElo "2050"]
[BlackElo "1311"]
[TimeControl "2700+45"]

1. d4 d5 2. c4 e6 3. Nc3 c5 4. cxd5 exd5 5. Nf3 Nc6 6. g3 Nf6 7. Bg2 Be6 8. O-O
Be7 9. Bg5 O-O 10. Rc1 b6 11. dxc5 Bxc5 12. Bxf6 gxf6 13. Na4 Qd6 14. Nxc5 bxc5
15. Qc2 c4 16. Rfd1 d4 17. Qe4 Rad8 18. b3 c3 19. e3 d3 20. Rxc3 Nb4 21. a3 Na2
22. Rcxd3 Qb6 23. Rxd8 Rxd8 24. Rxd8+ Qxd8 25. Qc2 {Black resigns} 1-0

[Event "Team 45 45 League T24"]
[Site "Internet Chess Club"]
[Date "2004.09.17"]
[Round "2"]
[White "gringo"]
[Black "Rossinantes"]
[Result "0-1"]
[WhiteElo "2220"]
[BlackElo "2394"]
[TimeControl "2700+45"]

1. e4 c5 2. Nf3 d6 3. d4 cxd4 4. Nxd4 Nf6 5. Nc3 a6 6. Bc4 e6 7. Bb3 b5 8. O-O
Be7 9. f4 Qc7 10. f5 b4 11. Na4 e5 12. Ne2 Bb7 13. Be3 Nbd7 14. Ng3 h5 15. c3 h4
16. Nh1 Bxe4 17. cxb4 Qb7 18. Rf2 h3 19. Ng3 Bxg2 20. a3 a5 21. bxa5 Rxa5 22.
Bd2 Ra8 23. Bb4 Rh4 24. Nc3 Rd4 25. Qb1 Ng4 26. Nce2 Nxf2 27. Nxd4 exd4 28. f6
Nxf6 29. Nf5 Be4 30. Nxg7+ Kf8 31. Qc1 N2g4 32. Qg5 Bg6 {White resigns} 0-1

[Event "Team 45 45 League T24"]
[Site "Internet Chess Club"]
[Date "2004.09.21"]
[Round "2"]
[White "WesleyCrusher"]
[Black "Satan"]
[Result "1/2-1/2"]
[WhiteElo "2157"]
[BlackElo "2177"]
[TimeControl "2700+45"]

1. e4 c5 2. Nf3 d6 3. d4 cxd4 4. Nxd4 Nf6 5. Nc3 g6 6. Be3 Bg7 7. Be2 Nc6 8. O-O
O-O 9. Qd2 d5 10. Rad1 Nxd4 11. Qxd4 Nxe4 12. Qxd5 Nd6 13. Qg5 Be6 14. Bf3 Qc7
15. Bd5 Bxc3 16. bxc3 Bxd5 17. Rxd5 f6 18. Qg4 Qxc3 19. Qe6+ Rf7 20. Rc5 Qa3 21.
Rc7 Nf5 22. Bc5 Qa5 23. Rc8+ Rxc8 24. Qxc8+ Kg7 25. g4 b6 26. Bxb6 axb6 27. gxf5
Qxa2 28. fxg6 hxg6 29. Re1 Qd5 30. Qe6 Qg5+ 31. Kh1 Qc5 32. Re2 b5 33. Qe3 Qxe3
34. Rxe3 e5 35. Rb3 Rc7 36. Rxb5 Rxc2 37. Kg1 Kh6 38. Kg2 Kg5 39. Kg3 Kf5 40. f3
g5 41. h3 Rc3 42. Rb4 Kg6 43. h4 f5 44. hxg5 Kxg5 45. Kg2 e4 46. fxe4 f4 47. Rb8
Re3 48. Re8 Kf6 49. Kf2 Kg5 50. Rg8+ Kf6 51. Re8 Kg5 52. Rg8+ {Game drawn by
mutual agreement} 1/2-1/2

[Event "Team 45 45 League T24"]
[Site "Internet Chess Club"]
[Date "2004.09.21"]
[Round "2"]
[White "ChessyStud"]
[Black "VentasD"]
[Result "1-0"]
[WhiteElo "2112"]
[BlackElo "2129"]
[TimeControl "2700+45"]

1. e4 d5 2. exd5 Qxd5 3. Nc3 Qa5 4. d4 Nf6 5. Bc4 e6 6. Nf3 Nbd7 7. O-O Bd6 8.
Nb5 O-O 9. Nxd6 cxd6 10. Bg5 b5 11. Bd3 Bb7 12. Qe2 b4 13. Bf4 Qb6 14. c4 Rfe8
15. Rac1 e5 16. dxe5 dxe5 17. Be3 Qc6 18. Bb1 Nc5 19. Bxc5 Qxc5 20. Nd2 e4 21.
Qe3 Qxe3 22. fxe3 a5 23. Nb3 a4 24. Nd4 Ng4 25. Rfe1 Rad8 26. Rcd1 Ne5 27. b3
axb3 28. axb3 Rd7 29. h3 Red8 30. Kf2 Nc6 31. Bxe4 Nxd4 32. exd4 Bxe4 33. Rxe4
f5 34. Rf4 g6 35. d5 Kf7 36. Rfd4 Rc8 37. Re1 Re7 38. Rxe7+ Kxe7 39. Rd2 Kd6 40.
Ke3 Re8+ 41. Kd3 Ra8 42. Kd4 Re8 43. c5+ Kd7 44. Kc4 Re4+ 45. Kb5 {Black
resigns} 1-0

[Event "Team 45 45 League T24"]
[Site "Internet Chess Club"]
[Date "2004.09.18"]
[Round "2"]
[White "IAMC"]
[Black "CLACTON"]
[Result "0-1"]
[WhiteElo "2029"]
[BlackElo "2151"]
[TimeControl "2700+45"]

1. e4 c5 2. Nc3 e6 3. g3 a6 4. Bg2 Nc6 5. d3 Qc7 6. Be3 d6 7. Qd2 Nf6 8. h3
b5 9. f4 Bb7 10. g4 h6 11. Nce2 Be7 12. Nf3 O-O-O 13. c3 d5 14. e5 Nh7 15.
d4 f6 16. a4 fxe5 17. axb5 axb5 18. Nxe5 Bh4+ 19. Bf2 Bxf2+ 20. Kxf2 Nxe5
21. fxe5 Rhf8+ 22. Kg3 Ng5 23. Nf4 Ne4+ 24. Bxe4 dxe4 25. Qe3 Qc6 26. Rhf1
g5 27. Ng6 Rfe8 28. Rf7 Kb8 29. Raf1 cxd4 30. cxd4 Qc4 31. Rc1 Qxd4 32. Qxd4
Rxd4 33. Rc5 Rd3+ 34. Kf2 Rb3 35. Ne7 Rxb2+ 36. Ke1 e3 37. Nc6+ Ka8 38. Na5
Bd5 39. Nc6 Bxc6 40. Rxc6 Ra2 41. Rf6 b4 42. Rb6 Rc8 43. Rd6 Rc1+ 44. Rd1
Rxd1+ 45. Kxd1 b3 46. Rxe6 b2 47. Rb6 e2+ 48. Ke1 Ra1+ 49. Kxe2 b1=Q 50. Rb2
Qxb2+ {White resigns} 0-1

>****************************************************************************
>You have joined channel 165, the chess.fm channel. Replays of previous programs are at http://chess.fm . To leave channel 165, type simply "-ch 165".
>****************************************************************************

[Event "Team 45 45 League T24"]
[Site "Internet Chess Club"]
[Date "2004.09.19"]
[Round "2"]
[White "deathmage"]
[Black "bbentrup"]
[Result "0-1"]
[WhiteElo "1726"]
[BlackElo "2043"]
[TimeControl "2700+45"]

1. e4 c6 2. d4 d5 3. f3 e6 4. Nc3 Nf6 5. Bg5 Qb6 6. Rb1 Bb4 7. a3 Bxc3+ 8. bxc3
Qa5 9. Rb3 b5 10. Bd3 Nbd7 11. e5 Ng8 12. Be3 Ne7 13. f4 Nb6 14. Nf3 Nc4 15. Qc1
Bd7 16. O-O f5 17. Bxc4 dxc4 18. Rb1 Nd5 19. Bd2 O-O 20. Qb2 h6 21. h4 Be8 22.
Nh2 Qd8 23. g3 Bh5 24. Rf2 Kh7 25. Nf1 Rg8 26. Ne3 Nb6 27. Rbf1 g5 28. hxg5 hxg5
29. fxg5 Qxg5 30. Rg2 Qg6 31. Rf4 Rg7 32. Kf2 Bg4 33. Qc1 Rh8 34. Rh2+ Kg8 35.
Rxh8+ Kxh8 36. Nxg4 fxg4 37. Rf8+ Rg8 38. Qh1+ Qh7 39. Qxh7+ Kxh7 40. Rxg8 Kxg8
41. Ke3 Nd5+ 42. Kf2 Kf7 43. Ke2 Kg6 44. Kf2 Kf5 45. Be1 Ke4 46. Bd2 a5 47. Ke2
b4 48. cxb4 axb4 49. a4 c3 50. Bf4 Kxd4 51. a5 Kc5 52. a6 Kb6 53. a7 Kxa7 54.
Kd3 Nxf4+ 55. gxf4 g3 56. Ke2 b3 57. cxb3 c2 {White resigns} 0-1

[Event "Team 45 45 League T24"]
[Site "Internet Chess Club"]
[Date "2004.09.19"]
[Round "2"]
[White "onslaught"]
[Black "Catalog"]
[Result "1-0"]
[WhiteElo "2353"]
[BlackElo "2162"]
[TimeControl "2700+45"]

1. e4 d5 2. exd5 Qxd5 3. Nc3 Qa5 4. d4 Bf5 5. Nf3 e6 6. Bc4 c6 7. Bd2 Bb4 8. a3
Bxc3 9. Bxc3 Qc7 10. d5 Nf6 11. dxe6 fxe6 12. Nd4 Nd5 13. Nxf5 exf5 14. Bxd5
cxd5 15. Qxd5 Qf7 {Black resigns} 1-0

[Event "Team 45 45 League T24"]
[Site "Internet Chess Club"]
[Date "2004.09.19"]
[Round "2"]
[White "EdBorowski"]
[Black "MSStateBulldog"]
[Result "1/2-1/2"]
[WhiteElo "2074"]
[BlackElo "2332"]
[TimeControl "2700+45"]

1. Nf3 d5 2. d4 Nf6 3. e3 c5 4. Bb5+ Bd7 5. Bxd7+ Nbxd7 6. O-O e6 7. c3 Bd6 8.
Nbd2 O-O 9. dxc5 Nxc5 10. Nb3 b5 11. Nxc5 Bxc5 12. Nd4 Qb6 13. a4 b4 14. Bd2 Ne4
15. cxb4 Bxd4 16. exd4 Qxd4 17. Bc3 Nxc3 18. bxc3 Qxc3 19. Rb1 Rab8 20. Qg4 Rfc8
21. Qf4 Qc4 22. Qd6 Qc7 23. Qa6 Qb6 24. Qxb6 axb6 25. Rfc1 Kf8 26. Kf1 Ke7 27.
Ke2 Kd6 28. f4 Ra8 29. Rxc8 Rxc8 30. Kd3 f6 31. a5 bxa5 32. bxa5 e5 33. fxe5+
fxe5 34. a6 e4+ 35. Kd2 Ra8 36. Ra1 Ke5 37. g3 d4 38. Ra5+ Kd6 39. a7 g6 40. h4
Kc6 41. Ra4 Kc5 42. Ke2 Kd5 43. Kd2 h5 44. Ke2 Ke5 45. Ra5+ Kd6 46. Ra4 Kd5 47.
Kd2 Kc5 48. Ke2 d3+ 49. Ke3 Kb5 50. Rxe4 Rxa7 51. Rd4 Kc5 52. Rxd3 Ra4 53. Kf3
Kc6 54. Rd1 Rb4 55. Rd2 Rb5 56. Kf4 Rf5+ 57. Ke4 Ra5 58. Kf4 Rf5+ 59. Ke4 Ra5
60. Kf4 Ra4+ 61. Kf3 Kc5 62. Ke3 Rg4 63. Kf3 Ra4 64. Ke3 Kc6 65. Kf3 Ra5 66. Kf4
Rf5+ 67. Ke4 Ra5 68. Kf4 Ra4+ 69. Kf3 Rc4 {Game drawn by mutual agreement}
1/2-1/2

[Event "Team 45 45 League T24"]
[Site "Internet Chess Club"]
[Date "2004.09.17"]
[Round "2"]
[White "imbak"]
[Black "beer2337"]
[Result "1-0"]
[WhiteElo "2159"]
[BlackElo "2010"]
[TimeControl "2700+45"]

1. c4 e5 2. Nc3 Nf6 3. g3 d5 4. cxd5 Nxd5 5. Bg2 Be6 6. Nf3 Nc6 7. d3 Be7 8. O-O
O-O 9. Bd2 f5 10. Qb3 Qd6 11. Qc2 Rac8 12. Bg5 Rf7 13. Bxe7 Rxe7 14. Ng5 Nxc3
15. bxc3 Nd8 16. Nxe6 Qxe6 17. Qa4 a6 18. Rab1 c6 19. Rb6 Rcc7 20. Qa5 Qf7 21.
a4 Qa2 22. e3 Qc2 23. d4 exd4 24. cxd4 Rcd7 25. Qb4 Qa2 26. Rc1 Qf7 27. d5 cxd5
28. Rc8 Re8 29. Qc5 Ne6 30. Rxe8+ Qxe8 31. Bxd5 Re7 32. Qxe7 {Black resigns} 1-0

[Event "Team 45 45 League T24"]
[Site "Internet Chess Club"]
[Date "2004.09.16"]
[Round "2"]
[White "DTK"]
[Black "fledermaus"]
[Result "0-1"]
[WhiteElo "1974"]
[BlackElo "2024"]
[TimeControl "2700+45"]

1. e4 Nf6 2. e5 Nd5 3. d4 d6 4. Nf3 Bg4 5. Be2 e6 6. O-O Be7 7. c4 Nb6 8. Nc3
O-O 9. Be3 a5 10. b3 Na6 11. exd6 cxd6 12. Rc1 d5 13. c5 Nc8 14. h3 Bxf3 15.
Bxf3 Na7 16. Be2 Nc6 17. f4 Nxc5 18. dxc5 d4 19. Bxd4 Qxd4+ 20. Qxd4 Nxd4 21. c6
Nxc6 22. Ne4 Rfd8 23. Bb5 Ba3 24. Rcd1 Kf8 25. Ng5 h6 26. Nf3 Nb4 27. Kh1 Nxa2
28. Ra1 Nc3 29. Rxa3 Nxb5 30. Raa1 Nd4 31. Rab1 Nxf3 32. Rxf3 Rac8 33. b4 a4 34.
b5 Rc2 35. Rb4 Rdd2 36. Rxa4 Rxg2 37. Ra8+ Ke7 38. Rb8 Rh2+ 39. Kg1 Rcg2+ 40.
Kf1 Rb2 41. Rxb7+ Kf6 42. Kg1 Rhg2+ 43. Kf1 Rgc2 44. Kg1 Rc5 45. Rf2 Rbxb5 46.
Ra7 Rc3 {White resigns} 0-1

[Event "Team 45 45 League T24"]
[Site "Internet Chess Club"]
[Date "2004.09.18"]
[Round "2"]
[White "ratty"]
[Black "Quoyle"]
[Result "0-1"]
[WhiteElo "2136"]
[BlackElo "2506"]
[TimeControl "2700+45"]

1. e4 e6 2. Nc3 d5 3. d4 Bb4 4. e5 c5 5. a3 Bxc3+ 6. bxc3 Ne7 7. h4 Nbc6 8. Nf3
Qa5 9. Bd2 f6 10. h5 fxe5 11. dxe5 Bd7 12. h6 gxh6 13. Rxh6 O-O-O 14. c4 Qc7 15.
cxd5 Nxd5 16. c4 Nde7 17. Bc3 Be8 18. Qc1 Bg6 19. g4 Rhf8 20. Qe3 Nd4 21. Nxd4
cxd4 22. Bxd4 Rf3 23. Qxf3 Rxd4 24. Be2 Qxe5 25. Rc1 Nc6 26. Qc3 Bd3 27. Rc2
Bxe2 28. Rxe2 Rd1+ 29. Kxd1 Qxc3 30. Rexe6 Nd4 {White resigns} 0-1

[Event "Team 45 45 League T24"]
[Site "Internet Chess Club"]
[Date "2004.09.17"]
[Round "2"]
[White "phoenix10q72"]
[Black "Baffler"]
[Result "1-0"]
[WhiteElo "2275"]
[BlackElo "2121"]
[TimeControl "2700+45"]

1. e4 c5 2. Nf3 Nc6 3. d4 cxd4 4. Nxd4 e5 5. Nb5 a6 6. Nd6+ Bxd6 7. Qxd6 Qf6 8.
Qd1 Qg6 9. Nc3 d5 10. Nxd5 Qxe4+ 11. Be3 Nd4 12. Nc7+ Ke7 13. Rc1 Bg4 14. Qd2
Rd8 15. f3 Nxc2+ 16. Rxc2 Rxd2 17. Kxd2 Bxf3 18. gxf3 Qxf3 19. Rg1 Nh6 20. Bd3
Rd8 21. Rg3 Qh1 22. Bc5+ Kd7 23. Bg1 Rc8 24. Ke3 f5 25. Rxg7+ Kd6 26. Nb5+ axb5
27. Rxc8 Ng4+ 28. Rxg4 fxg4 29. Rc1 Qf3+ 30. Kd2 Qg2+ 31. Be2 e4 32. Ba7 h5 33.
Bb8+ Kd5 34. b4 b6 35. Rc8 Qf2 36. Rd8+ Kc6 37. Bg3 e3+ 38. Kd3 Qf5+ 39. Kc3
Qf6+ 40. Rd4 h4 41. Bf4 Qf5 42. Bd3 e2 43. Be4+ {Black resigns} 1-0

[Event "Team 45 45 League T24"]
[Site "Internet Chess Club"]
[Date "2004.09.17"]
[Round "2"]
[White "Kingofknights"]
[Black "Tornon"]
[Result "1-0"]
[WhiteElo "1683"]
[BlackElo "2031"]
[TimeControl "2700+45"]

1. d4 f5 2. c4 Nf6 3. g3 e6 4. Bg2 Be7 5. Nc3 O-O 6. Qd3 Nc6 7. a3 d6 8. Nh3 e5
9. d5 e4 10. Qc2 Ne5 11. b3 c6 12. dxc6 bxc6 13. Bf4 Ng6 14. e3 h6 15. O-O Be6
16. Rfd1 d5 17. b4 Bf7 18. Qa4 Nxf4 19. Nxf4 g5 20. Nfe2 Qc7 21. Nd4 f4 22. Qxc6
Rac8 23. Qxc7 Rxc7 24. c5 fxe3 25. fxe3 Ng4 26. Nf5 Bf6 27. Rac1 Be6 28. Nxd5
Bxd5 29. Rxd5 Bb2 30. Rc4 Rxf5 31. Rd8+ Kg7 32. Rxe4 Nf6 33. Bh3 Nxe4 34. Bxf5
Nf6 35. Rd3 Re7 36. c6 a6 37. a4 Ne4 38. Rd7 Rxd7 39. cxd7 Bf6 40. Bxe4 Kf7 41.
Bc6 Bd8 42. b5 axb5 43. axb5 Ke6 44. Kf2 g4 45. e4 Ke5 46. Ke3 Bb6+ 47. Kd3 Kd6
48. Kc4 Kc7 49. e5 Bg1 50. h3 gxh3 51. e6 Kd8 52. g4 h2 53. Bf3 Bb6 54. Kd5 Kc7
55. Ke5 Bc5 56. Kf6 Kd8 57. Kg6 Ke7 58. Kxh6 Bb6 59. Bc6 Kxe6 60. g5 Ke7 61. g6
Bd4 62. g7 Bxg7+ 63. Kxg7 h1=Q 64. Bxh1 Kxd7 65. b6 Kc8 66. b7+ Kb8 67. Kf8 Kc7
68. Ke7 Kb8 69. Kd8 Ka7 70. Kc7 Ka6 71. b8=Q Ka5 72. Qb3 Ka6 73. Qb6# {Black
checkmated} 1-0